 Seeded DCSS version 0.30.1-9-gdf580d7c3d (webtiles) character file.

Game seed: 15660985446129201502 (custom seed)

88 AccursedSamuel the Chopper (level 4, -1/28 HPs)
             Began as a Tengu Monk on Oct 10, 2023.
             Slain by a centaur (3 damage)
             ... on level 6 of the Dungeon.
             The game lasted 00:04:18 (1715 turns).

AccursedSamuel the Chopper (Tengu Monk)             Turns: 1715, Time: 00:04:18

Health: -1/28      AC:  2    Str: 13    XL:     4   Next: 53%
Magic:  5/5        EV: 13    Int: 11    God:
Gold:   244        SH:  0    Dex: 16    Spells: 3/3 levels left

rFire   . . .        e - +4 scimitar (holy)
rCold   . . .        d - orb {light}
rNeg    . . .        b - +0 robe
rPois   .            (helmet restricted)
rElec   .            (no cloak)
rCorr   .            (no gloves)
SInv    .            (boots unavailable)
Will    .....        (no amulet)
Stlth   +            (no ring)
HPRegen 0.24/turn    (no ring)
MPRegen 0.09/turn

%: no passive effects
@: glowing
A: beak, talons 3
a: no special abilities


You were on level 6 of the Dungeon.
You visited 1 branch of the dungeon, and saw 4 of its levels.

You collected 244 gold pieces.

Inventory:

Hand Weapons
 e - a +4 scimitar of holy wrath (weapon)
Armour
 b - a +0 robe (worn)
 d - an orb of light (worn)
Jewellery
 k - a +4 ring of protection
Scrolls
 a - 2 scrolls of teleportation {unknown}
 g - a scroll of identify {unknown}
 l - a scroll of enchant armour {unknown}
 m - a scroll of noise {unknown}
 o - a scroll of immolation {unknown}
Potions
 c - a potion of ambrosia
 f - a potion of curing {unknown}
 h - a potion of heal wounds {unknown}
 i - a potion of flight {unknown}
 j - 2 potions of magic {unknown}
 n - a potion of degeneration {unknown}
 p - a potion of attraction {unknown}


   Skills:
 + Level 3.6 Fighting
 + Level 2.1 Long Blades
 + Level 4.0 Axes
 + Level 3.8 Dodging


You had 3 spell levels left.
You didn't know any spells.
Your spell library contained the following spells:

 Spells                   Type           Power      Damage    Failure   Level
 Cigotuvi's Dreadful Rot  Necr/Pois/Air  0%         N/A       47%         2
 Ignite Poison            Fire/Tmut/Pois 0%         N/A       71%         3
 Dispel Undead            Necr           0%         3d6       98%         4
 Sticky Flame             Conj/Fire      0%         2d3       98%         4
 Death Channel            Necr           0%         N/A       100%        6
 Ignition                 Fire           0%         3d3       100%        8


Dungeon Overview and Level Annotations

Branches:
Dungeon (3/15)

Altars:

Annotations:
D:2 1 runed translucent door, Crazy Yiuf


Innate Abilities, Weirdness & Mutations

You have a beak for a mouth.
You have claws for feet.


Message History

You climb downwards.
Found 4 stones.
Found a stone staircase leading up.
There is a stone staircase leading up here.
The endoplasm quivers.
You slash the endoplasm!
You kill the endoplasm!
There is a stone staircase leading up here.
Found an escape hatch in the floor.
You pick up an Everburning Encyclopedia and begin reading...
You add the spells Ignite Poison, Sticky Flame and Ignition to your library.
Found 4 stones.
You now have 224 gold pieces (gained 14).
A sourceless malevolence fills the Dungeon...
You fall into a shaft and drop 3 floors!
The shaft crumbles and collapses.
Found a stone staircase leading up.
You now have 244 gold pieces (gained 20).
A centaur comes into view.
Found 15 gold pieces.
The centaur shouts!
The centaur wields a +0 shortbow.
The centaur shoots an arrow.
The arrow hits you.
You see here a cyan potion.
A centaur is nearby!
The centaur shoots an arrow.
The arrow hits you!
The centaur shoots an arrow.
The arrow hits you.
The centaur unwields a +0 shortbow.
The centaur misses you. The centaur kicks you. The centaur hits you.
* * * LOW HITPOINT WARNING * * *
The centaur barely misses you.
You hit the centaur. You claw the centaur.
The centaur is moderately wounded.
The centaur barely misses you. The centaur completely misses you.
The centaur hits you.
* * * LOW HITPOINT WARNING * * *
The centaur misses you.
You slash the centaur!
The centaur is almost dead.
The centaur hits you.
You die...

...##.#.#.##.
#.###.#.........
#........#.#.###
.###......#.#
#..<.......
###.###..###.###.#
. ..........# .#
#...#.###!.###.#
#..$..c@.......#
###.#.##...##### #
###.# .... .##.#
.# # .# .#


You could see a centaur.

Vanquished Creatures
  Jessica (D:2)
  An adder (D:2)
  A dart slug (D:2)
  6 endoplasms
  2 giant cockroaches (D:2)
  5 goblins
  4 hobgoblins
  5 kobolds
  5 quokkas
  3 ball pythons
  2 bats (D:1)
  7 frilled lizards
  6 rats
  A spectral kobold (D:2)
49 creatures vanquished.

Notes
Turn   | Place    | Note
-------+----------+-------------------------------------------
     0 | D:1      | AccursedSamuel the Tengu Monk began the quest for the Orb.
     0 | D:1      | Reached XP level 1. HP: 14/14 MP: 2/2
   101 | D:1      | Reached XP level 2. HP: 19/19 MP: 3/3
   105 | D:1      | Identified a scroll of acquirement
   105 | D:1      | Acquired a +4 scimitar of holy wrath
   604 | D:1      | Reached XP level 3. HP: 23/23 MP: 4/4
  1199 | D:2      | Reached skill level 4 in Axes
  1251 | D:2      | Noticed Jessica
  1261 | D:2      | Killed Jessica
  1262 | D:2      | Reached skill level 1 in Long Blades
  1262 | D:2      | Reached XP level 4. HP: 26/28 MP: 5/5
  1430 | D:2      | Found a faded altar of an unknown god.
  1616 | D:2      | Found a runed translucent door.
  1617 | D:2      | Noticed Crazy Yiuf
  1696 | D:3      | You fall into a shaft and drop 3 floors!
  1710 | D:6      | Noticed a centaur
  1715 | D:6      | Slain by a centaur

Illustrated notes

Levels and vault maps discovered:
D:1:      minmay_arrival_pointy, layout_loops_ring, minmay_gold_behind_fungi
D:2:      layout_basic, dreamdust_ecumenical_altar_drowned_temple,
          hangedman_decor_clover_reticule, fountainhead,
          uniq_crazy_yiuf_cottage, uniq_jessica
D:3:      layout_loops_ring, general_overflow_altar, serial_bayou_pond_d
D:6:      layout_basic, nicolae_uskayaw_suspiria, ebering_ghost_rock_garden,
          minivault_22, uniq_menkaure

Skill      XL: |  1  2  3  4 |
---------------+-------------+-----
Axes           | 4 |  4.0
Long Blades    | 1 2 |  2.1
Fighting       | |  3.6
Dodging        | |  3.8

Action                     |  1- 3 |  4- 6 || total
---------------------------+-------+-------++-------
  Melee: Hand axe          |     9 |       ||     9
         Peck              |     9 |     2 ||    11
         Scimitar          |    47 |    13 ||    60
         Kick              |     5 |     4 ||     9
    Use: Scroll            |     1 |       ||     1
 Armour: Robe              |     8 |     3 ||    11
  Dodge: Dodged            |    56 |    11 ||    67
